 Dungeon Crawl Stone Soup version 0.26.1-10-gdfb7c7de75 (webtiles) character file.

Game seed: 6933523298527600091

216 tardwrangler69 the Chopper (level 5, -16/47 HPs)
             Began as a Minotaur Fighter on Apr 2, 2021.
             Demolished by an ogre
             ... wielding a +0 giant club
              (20 damage)
             ... on level 4 of the Dungeon.
             The game lasted 00:01:51 (3128 turns).

tardwrangler69 the Chopper (Minotaur Fighter)       Turns: 3128, Time: 00:01:52

Health: -16/47     AC:  8    Str: 21    XL:     5   Next: 61%
Magic:  4/4        EV:  7    Int:  5    God:
Gold:   202        SH:  9    Dex: 10    Spells: 4/4 levels left

rFire    + . .     SeeInvis .   a - +0 war axe
rCold    + . .     Faith    .   c - +0 kite shield
rNeg     . . .     Spirit   .   b - +0 scale mail
rPois    .         Reflect  .   (helmet restricted)
rElec    .         Harm     .   g - scarf {rC+ rF+}
rCorr    .         Rampage  .   r - +0 pair of gloves
Will     .....                  (no boots)
Stlth    ..........             (no amulet)
HPRegen  0.15/turn              (no ring)
MPRegen  0.09/turn              (no ring)

@: no status effects
A: retaliatory headbutt, horns 2
a: no special abilities


You were on level 4 of the Dungeon.
You visited 1 branch of the dungeon, and saw 4 of its levels.

You collected 202 gold pieces.

Inventory:

Hand Weapons
 a - a +0 war axe (weapon)
Armour
 b - a +0 scale mail (worn)
 c - a +0 kite shield (worn)
 g - a scarf of resistance (worn)
 r - a +0 pair of gloves (worn)
Wands
 x - a wand of digging (3)
Scrolls
 e - 5 scrolls of remove curse {unknown}
 f - a scroll of immolation {unknown}
 j - a scroll of teleportation {unknown}
 m - 2 scrolls of identify {unknown}
 n - a scroll of random uselessness {unknown}
 o - a scroll of fog {unknown}
 t - 2 scrolls of enchant weapon {unknown}
 w - a scroll of noise {unknown}
Potions
 d - a potion of might
 h - 2 potions of magic {unknown}
 i - a potion of berserk rage {unknown}
 k - a potion of curing {unknown}
 l - 2 potions of brilliance {unknown}
 p - a potion of resistance {unknown}
 q - a potion of cancellation {unknown}
 s - a potion of attraction {unknown}
 u - a potion of flight {unknown}
 v - a potion of haste {unknown}


   Skills:
 + Level 4.7 Fighting
 * Level 4.9 Axes
 + Level 4.7 Armour
 + Level 4.7 Shields


You had 4 spell levels left.
You didn't know any spells.
Your spell library contained the following spells:

 Spells                   Type           Power        Failure   Level
 Beastly Appendage        Tmut           0%           99%         1
 Wereblood                Tmut           0%           100%        2
 Spider Form              Tmut/Pois      0%           100%        3
 Ice Form                 Ice/Tmut       0%           100%        4
 Blade Hands              Tmut           0%           100%        5


Dungeon Overview and Level Annotations

Branches:
Dungeon (4/15)
 Temple: D:4-7

Altars:


Innate Abilities, Weirdness & Mutations

You reflexively headbutt those who attack you in melee.
You have a pair of horns on your head.


Message History

The hound skeleton is severely damaged.
You barely miss the ogre. You block the hound skeleton's attack.
The ogre hits you with a +0 giant club!
The hound skeleton bites you but does no damage.
You hit the hound skeleton. You headbutt the hound skeleton.
You destroy the hound skeleton!
You hit the ogre. The ogre hits you with a +0 giant club!
You are too injured to fight recklessly!
You are too injured to fight recklessly!
You are too injured to fight recklessly!
You are too injured to fight recklessly!
You hit the ogre.
The ogre is lightly wounded.
The ogre hits you with a +0 giant club!
* * * LOW HITPOINT WARNING * * *
You hit the ogre.
The ogre is moderately wounded.
You hit the orc but do no damage.
The ogre hits you with a +0 giant club!!
You die...

#...........#.#......
#.............#.#'###
#...................#
#............###....#
##....######.###....#
#....# #.......#+###
#....###............
###.................
#@o...............
#Oo...............
##.................
#.............#+###
#...............
#...##...........
#...##.........>.
......).........
............####


You could see an ogre and 2 orcs.

Vanquished Creatures
  A scorpion (D:4)
  A bullfrog skeleton (D:3)
  A worker ant (D:4)
  A hound skeleton (D:4)
  3 adders
  3 worms
  4 leopard geckos
  8 orcs
  3 ball pythons (D:1)
  5 giant cockroaches
  4 hobgoblins
  2 jackals (D:1)
  5 kobolds
  3 quokkas
  4 bats
  6 frilled lizards
  6 goblins
  A rat (D:1)
61 creatures vanquished.

Notes
Turn   | Place    | Note
-------+----------+-------------------------------------------
     0 | D:1      | tardwrangler69 the Minotaur Fighter began the quest for the
                  | Orb.
     0 | D:1      | Reached XP level 1. HP: 19/19 MP: 0/0
   291 | D:1      | You fall into a shaft and drop 1 floor!
   338 | D:2      | Reached XP level 2. HP: 21/27 MP: 1/1
   730 | D:1      | Reached XP level 3. HP: 33/33 MP: 2/2
  1589 | D:3      | Reached XP level 4. HP: 27/40 MP: 3/3
  2771 | D:4      | Reached XP level 5. HP: 29/47 MP: 4/4
  3113 | D:4      | Noticed an ogre
  3128 | D:4      | Demolished by an ogre

Illustrated notes

Levels and vault maps discovered:
D:1:      amcnicky_arrival_wind_blow, layout_basic, minmay_shallow_snake_nest
D:2:      layout_loops_cross
D:3:      layout_basic, serial_corexii_hall, corexii_hall_statues_i,
          corexii_hall_statues_l
D:4:      minmay_chambers_of_twos, layout_basic

Skill      XL: |  1  2  3  4 |
---------------+-------------+-----
Axes           | 3 4 |  4.9
Armour         | 4 |  4.7
Fighting       | 4 |  4.7
Shields        | 4 |  4.7

Action                   |  1- 3 |  4- 6 || total
-------------------------+-------+-------++-------
Melee: War axe           |    79 |    60 ||   139
       Headbutt          |     9 |     9 ||    18
Armor: Scale mail        |    39 |    26 ||    65
Dodge: Dodged            |    34 |    12 ||    46
Block: Kite shield       |    32 |    24 ||    56
